 Dungeon Crawl Stone Soup version 0.25.0-26-g0c896c7088 (webtiles) character file.

Game seed: 10566369539024220164

2333 Dirian the Cleaver (level 9, -4/79 HPs)
             Began as a Minotaur Chaos Knight on July 3, 2020.
             Was a Plaything of Xom.
             Killed from afar by Pikel (17 damage)
             ... with a bolt of acid
             ... on level 9 of the Dungeon.
             The game lasted 00:13:09 (7421 turns).

Dirian the Cleaver (Minotaur Chaos Knight)          Turns: 7421, Time: 00:13:09

Health: -4/79      AC:  6    Str: 20    XL:     9   Next: 19%
Magic:  10/10      EV:  8    Int:  9    God:    Xom [......]
Gold:   530        SH:  0    Dex:  8    Spells: 8/8 levels left

rFire    . . .     SeeInvis .   B - +0 war axe
rCold    + . .     Gourm    .   (no shield)
rNeg     . . .     Faith    .   w - +2 chain mail {rC+}
rPois    +         Spirit   .   (helmet restricted)
rElec    .         Reflect  .   j - +0 cloak
rCorr    .         Harm     .   (no gloves)
MR       .....                  (no boots)
Stlth    ..........             (no amulet)
HPRegen  0.23/turn              s - ring of poison resistance
MPRegen  0.12/turn              (no ring)

@: corroded
A: retaliatory headbutt, horns 2, clumsy 1, deformed body, screaming 1
a: Renounce Religion


You were on level 9 of the Dungeon.
You worshipped Xom.
You were a very special plaything of Xom.
You were hungry.

You visited 1 branch of the dungeon, and saw 9 of its levels.

You collected 530 gold pieces.

Inventory:

Hand Weapons
 a - a +1 hand axe of chaos
 B - a +0 war axe (weapon)
Armour
 j - a +0 cloak (worn)
 l - a +0 crystal plate armour
 w - a +2 chain mail of cold resistance (worn)
Jewellery
 s - a ring of poison resistance (left hand)
Wands
 i - a wand of random effects (11)
 m - a wand of disintegration (14)
 y - a wand of enslavement (6)
 A - a wand of iceblast (10)
Scrolls
 f - a scroll of enchant weapon
 k - a scroll of enchant armour
 t - 10 scrolls of teleportation
 x - 3 scrolls of remove curse
 C - a scroll of magic mapping
Potions
 b - a potion of cancellation
 c - a potion of invisibility
 d - 2 potions of might
 g - 4 potions of lignification
 h - 2 potions of haste
 n - a potion of resistance
 p - 3 potions of curing {unknown}
 q - a potion of heal wounds {unknown}
 u - 2 potions of flight {unknown}
 v - a potion of ambrosia {unknown}
 z - a potion of berserk rage {unknown}
Comestibles
 e - 21 rations


   Skills:
 + Level 7.2 Fighting
 + Level 10.3 Axes
 + Level 8.1 Armour
 - Level 2.2 Dodging
 * Level 3.1 Evocations


You had 8 spell levels left.
You didn't know any spells.
Your spell library was empty.

Dungeon Overview and Level Annotations

Branches:
Dungeon (9/15)             Temple (0/1) D:6
   Lair: D:8-11         Orc: D:9-12

Altars:
Nemelex Xobeh
Trog
Xom

Annotations:
D:9 Pikel


Innate Abilities, Weirdness & Mutations

You reflexively headbutt those who attack you in melee.
You have a pair of horns on your head.
You are clumsy. (Dex -2)
Armour fits poorly on your strangely shaped body.
You occasionally shout uncontrollably at your foes.


Message History

You are too injured to fight recklessly!
You closely miss Pikel.
Pikel is moderately wounded.
You barely miss the slave. x2
Pikel hits you with a +1 whip of flaming!
Pikel burns you. The slave hits you. x2
* * * LOW HITPOINT WARNING * * *
You slash Pikel! Your headbutt misses Pikel.
Pikel is severely wounded.
You miss the slave. You barely miss the slave.
Pikel hits you with a +1 whip of flaming!
* * * LOW HITPOINT WARNING * * *
Pikel burns you.
* * * LOW HITPOINT WARNING * * *
The slave barely misses you. You furiously retaliate!
You headbutt the slave. The slave hits you.
* * * LOW HITPOINT WARNING * * *
Pikel zaps a wand.
The bolt of acid hits you!
You die...
Xom chortles!

####
..###..######
.............#
........<....#
.............#
.............#
######..###@.#
#+####..######.#
........pKo......
.........p.......
#################


You could see Pikel, 2 slaves and an orc.

Vanquished Creatures
  A spriggan (D:8)
  A wyvern (D:8)
  Eustachio (D:4)
  Edmund (D:6)
  2 slaves (D:9)
  An ice beast (D:5)
  A phantom (D:3)
  A necrophage (D:8)
  3 ogres
  3 centaurs
  5 bullfrogs
  A scorpion (D:4)
  A killer bee (D:8)
  A howler monkey (D:6)
  3 jellies
  3 hounds
  A quasit (D:6)
  An orc priest (D:8)
  Jessica (D:2)
  2 iguanas
  3 worker ants
  A hound skeleton (D:5)
  8 adders
  A gnoll (D:1)
  2 howler monkey skeletons
  3 shadow imps
  An ooze (D:1)
  An adder zombie (D:7)
  4 worms
  2 dart slugs (D:1)
  7 leopard geckos
  11 orcs
  4 giant cockroaches
  A goblin (D:2)
  9 hobgoblins
  15 jackals
  3 quokkas
  9 bats
  4 frilled lizards
  7 kobolds
  A leopard gecko skeleton (D:7)
  A leopard gecko zombie (D:6)
  A quokka skeleton (D:5)
  7 rats
  3 plants (D:3)
143 creatures vanquished.

Vanquished Creatures (collateral kills)
  A tengu (D:7)
1 creature vanquished.

Vanquished Creatures (others)
  A dart slug (D:2)
  2 plants (D:3)
3 creatures vanquished.

Grand Total: 147 creatures vanquished

Notes
Turn   | Place    | Note
-------+----------+-------------------------------------------
     0 | D:1      | Dirian the Minotaur Chaos Knight began the quest for the
                  | Orb.
     0 | D:1      | Reached XP level 1. HP: 19/19 MP: 0/0
   100 | D:1      | XOM: divination: detect items
   113 | D:1      | XOM: silly message
   130 | D:1      | Reached skill level 4 in Axes
   133 | D:1      | Reached XP level 2. HP: 27/27 MP: 1/1
   226 | D:1      | XOM: butterfly on damage
   402 | D:1      | Reached XP level 3. HP: 33/33 MP: 2/2
   936 | D:1      | XOM is BORED!
   936 | D:1      | XOM: noise
  1196 | D:2      | Found a sparkling altar of Nemelex Xobeh.
  1196 | D:2      | Noticed Jessica
  1198 | D:2      | Killed Jessica
  1198 | D:2      | Reached skill level 5 in Axes
  1198 | D:2      | Reached XP level 4. HP: 41/41 MP: 3/3
  1206 | D:2      | XOM: silly message
  1478 | D:2      | Found a faded altar of an unknown god.
  1518 | D:2      | XOM: silly message
  1577 | D:2      | XOM: silly message
  1813 | D:3      | Reached XP level 5. HP: 45/47 MP: 4/4
  1825 | D:3      | XOM: cloud trail
  1935 | D:3      | Noticed a phantom
  1946 | D:3      | Killed a phantom
  1946 | D:3      | Reached skill level 6 in Axes
  2197 | D:3      | XOM: smoke on damage
  2739 | D:4      | XOM: noise
  2740 | D:4      | Noticed an ogre
  2752 | D:3      | Reached XP level 6. HP: 41/53 MP: 5/5
  2779 | D:3      | XOM: god gift: 17 stones
  2908 | D:4      | Noticed Eustachio
  2924 | D:4      | XOM: scenery: create altars
  2927 | D:4      | XOM: smoke on damage
  2937 | D:4      | Killed Eustachio
  2937 | D:4      | Reached skill level 5 in Fighting
  2937 | D:4      | Reached skill level 7 in Axes
  2971 | D:4      | XOM: silly message
  3009 | D:4      | XOM: silly message
  3234 | D:4      | Reached XP level 7. HP: 26/61 MP: 6/6
  3466 | D:4      | Found a bloodstained altar of Trog.
  3540 | D:4      | XOM: silly message
  3659 | D:5      | Entered Level 5 of the Dungeon
  3705 | D:5      | XOM: noise
  3708 | D:5      | Reached skill level 8 in Axes
  3969 | D:5      | XOM: stat loss: -1 Dex (9/10)
  4045 | D:6      | XOM: noise
  4053 | D:6      | Reached skill level 5 in Armour
  4362 | D:6      | XOM: give mutation
  4362 | D:6      | Gained mutation: You occasionally shout uncontrollably at
                  | your foes. [Xom's mischief]
  4499 | D:6      | Reached skill level 9 in Axes
  4610 | D:6      | Reached XP level 8. HP: 70/70 MP: 7/7
  4644 | D:6      | Found a staircase to the Ecumenical Temple.
  4719 | D:6      | Reached skill level 1 in Evocations
  4719 | D:6      | Noticed Edmund
  4764 | D:6      | Killed Edmund
  5062 | D:6      | XOM: summons 4 hostile shadow creatures
  5272 | D:7      | XOM: summons 8 friendly demons
  6080 | D:8      | Found a bloodstained altar of Trog.
  6101 | D:8      | XOM: polymorph iguana -> killer bee
  6437 | D:8      | XOM: destruction
  6441 | D:8      | Reached skill level 10 in Axes
  6450 | D:8      | Reached XP level 9. HP: 55/79 MP: 8/10
  6535 | D:8      | XOM: 1-stop teleportation journey
  6553 | D:8      | XOM: god gift: 47 gold pieces
  6624 | D:8      | XOM: destruction
  6665 | D:8      | XOM: scenery: create altars
  6716 | D:8      | XOM: cloud trail
  6817 | D:8      | XOM: chaos cloud
  7015 | D:8      | XOM: give mutations
  7015 | D:8      | Gained mutation: You are frail. (-10% HP) [Xom's mischief]
  7015 | D:8      | Gained mutation: You are clumsy. (Dex -2) [Xom's mischief]
  7015 | D:8      | Gained mutation: Armour fits poorly on your strangely
                  | shaped body. [Xom's mischief]
  7015 | D:8      | Lost mutation: You are frail. (-10% HP) [Xom's mischief]
  7407 | D:9      | Noticed Pikel
  7421 | D:9      | Killed from afar by Pikel

Illustrated notes

Levels and vault maps discovered:
D:1:      minmay_arrival_diagonal_passages, layout_loops_ring,
          serial_park_tiny_2
D:2:      layout_rooms, chequers_ecumenical_altar_grove,
          nemelex_lonely_heart_becter
D:3:      layout_rooms, serial_bayou, serial_bayou_lagoon_a,
          serial_bayou_ford_a, serial_bayou_pond_c, serial_bayou_shore_a,
          uniq_jessica
D:4:      layout_rooms, lightli_temple_of_fire, uniq_eustachio
D:5:      layout_rooms, first_ration
D:6:      layout_basic, temple_fountains, nicolae_underground_beach, uniq_edmund
D:7:      layout_cave_pools
D:8:      layout_basic, the_bakery, trog_butcher_becter
D:9:      layout_gridville, uniq_pikel

Skill      XL: |  1  2  3  4  5  6  7  8  9 |
---------------+----------------------------+-----
Axes           | 4 5 6 7 9 10 | 10.3
Fighting       | 4 5 6 7 |  7.2
Armour         | 3 4 5 7 8 |  8.1
Dodging        | 2 |  2.2
Evocations     | 2 3 |  3.1

Action                   |  1- 3 |  4- 6 |  7- 9 || total
-------------------------+-------+-------+-------++-------
Melee: Hand axe          |    62 |   166 |   246 ||   474
       Headbutt          |     6 |    23 |    53 ||    82
       War axe           |       |       |    72 ||    72
  Use: Scroll            |       |     9 |    10 ||    19
 Stab: Paralysed         |       |     1 |       ||     1
       Petrified         |       |       |     5 ||     5
       Distracted        |       |       |     1 ||     1
  Eat: Chunk             |     1 |     7 |    12 ||    20
Armor: Leather armour    |    27 |    64 |     1 ||    92
       Chain mail        |       |       |   201 ||   201
Dodge: Dodged            |    48 |   101 |   109 ||   258
